 Dungeon Crawl Stone Soup version 0.19.0-22-gd96e5fe (webtiles) character file.

66 dobroeutro the Sneak (level 3, -1/16 HPs)
             Began as a Spriggan Enchanter on Nov 18, 2016.
             Slain by a worm (9 damage)
             ... on level 2 of the Dungeon.
             The game lasted 00:03:19 (1886 turns).

dobroeutro the Sneak (Spriggan Enchanter)           Turns: 1886, Time: 00:03:20

Health: -1/16      AC:  3    Str:  4    XL:     3   Next: 96%
Magic:  1/8        EV: 18    Int: 16    God:
Gold:   121        SH:  0    Dex: 17    Spells: 2 memorised, 5 levels left

rFire  . . .     SeeInvis +     n - +0 rapier
rCold  . . .     Gourm    .     b - +1 robe
rNeg   . . .     Faith    .     (shield restricted)
rPois  .         Spirit   .     (helmet restricted)
rElec  .         Reflect  .     (no cloak)
rCorr  .         Harm     .     (gloves unavailable)
MR     .....                    (boots unavailable)
Stlth  +++.......               (no amulet)
                                (no ring)
                                (no ring)

@: very quick
A: unfitting armour, see invisible, herbivore 3, speed 3, slow metabolism 2
a: no special abilities


You were on level 2 of the Dungeon.
You were not hungry.

You visited 1 branch of the dungeon, and saw 2 of its levels.

You collected 121 gold pieces.

Inventory:

Hand Weapons
 n - a +0 rapier (weapon)
Armour
 b - a +1 robe (worn)
Scrolls
 e - a scroll of remove curse {unknown}
 f - 4 scrolls of teleportation {unknown}
 g - a scroll of random uselessness {unknown}
 i - a scroll of blinking {unknown}
 m - 4 scrolls of identify {unknown}
 o - a scroll of enchant armour {unknown}
 r - a scroll of noise {unknown}
 s - a scroll of fog {unknown}
 t - a scroll of immolation {unknown}
Potions
 a - a potion of ambrosia {unknown}
 h - a potion of brilliance {unknown}
 k - 3 potions of curing {unknown}
 l - 2 potions of agility {unknown}
 p - 2 potions of cure mutation {unknown}
 q - a potion of might {unknown}
Books
 c - a book of Maledictions

   Spells                             Type                      Level
   a - Corona                         Hexes                        1
   b - Ensorcelled Hibernation        Hexes/Ice                    2
   c - Confuse                        Hexes                        3
   d - Tukima's Dance                 Hexes                        3
   e - Dazzling Spray                 Conjuration/Hexes            3
Comestibles
 d - 3 bread rations
 j - a slice of pizza


   Skills:
 * Level 2.9 Short Blades
 - Level 3.0 Dodging
 + Level 5.2 Stealth
 + Level 3.4 Spellcasting
 + Level 3.9 Hexes


You had 5 spell levels left.
You knew the following spells:

 Your Spells              Type           Power        Failure   Level  Hunger
a - Corona                Hex            ###....      4%          1    None
b - Ensorcelled Hibernat  Hex/Ice        #.....       14%         2    ##.....


Dungeon Overview and Level Annotations

Branches:
Dungeon (2/15)

Altars:
Nemelex Xobeh


Innate Abilities, Weirdness & Mutations

You are very small and have problems with some larger weapons.
You are too small for most types of armour.
You have supernaturally acute eyesight. (SInv)
You are a herbivore.
You cover ground extremely quickly.
You need consume almost no food.


Message History

Aim: a worm (chance to defeat MR: 50%)
The worm looks drowsy...
The rat completely misses you.
The helpless worm fails to defend itself.
You puncture the worm!
The worm is almost dead.
The rat bites you but does no damage. The worm bites you.
You hit the worm but do no damage.
The worm is severely wounded.
The rat barely misses you.
You hit the worm but do no damage.
The worm is severely wounded.
The rat barely misses you. The worm closely misses you.
You barely miss the worm.
The worm is severely wounded.
The rat bites you but does no damage.
You hit the worm.
The worm is almost dead.
The rat completely misses you. The worm bites you!
Ouch! That really hurt!
You die...

#.#####..............####.......#
#.#...............##.............
..................#######........
#...............†.# #.......#
###.##....###..#### #.......#
##...#....####.## #.......#
...#.......# #..#### ####.####
##...#....r# #...r.# #.####
##.##.....# #..@w.####### #.....
#.#.....r###...........######..
#.#........#.....#####.##......
#.#........)>....# #....###..
##.##..........#### ###.......
##...#.#.....##.#############...#
...#...#.......................>.
##...###.........#############...
##.## #....#.......# #.....


You could see a worm and a rat.

Vanquished Creatures
  An adder (D:2)
  A worm (D:2)
  2 dart slugs
  2 leopard geckos
  11 bats
  2 giant cockroaches
  5 goblins
  3 hobgoblins
  4 kobolds
  4 quokkas (D:2)
  2 ball pythons
  3 frilled lizards (D:1)
  3 rats
43 creatures vanquished.

Notes
Turn   | Place    | Note
-------+----------+-------------------------------------------
     0 | D:1      | dobroeutro the Spriggan Enchanter began the quest for the Orb.
     0 | D:1      | Reached XP level 1. HP: 9/9 MP: 5/5
    70 | D:1      | Reached XP level 2. HP: 12/13 MP: 6/6
   557 | D:1      | Learned a level 2 spell: Ensorcelled Hibernation
   841 | D:2      | Reached XP level 3. HP: 7/16 MP: 8/8
  1111 | D:2      | Reached skill level 5 in Stealth
  1442 | D:2      | Found a sparkling altar of Nemelex Xobeh.
  1886 | D:2      | Slain by a worm

Skill      XL: |  1  2  3 |
---------------+----------+-----
Short Blades   | 2 |  2.9
Spellcasting   | 3 |  3.4
Stealth        | 5 |  5.2
Dodging        | |  3.0
Hexes          | |  3.9

Action                   || total
-------------------------++-------
Melee: Dagger            ||    47
       Short sword       ||    42
       Rapier            ||    71
 Cast: Ensorcelled Hiber ||     8
 Stab: Sleeping          ||    17
       Distracted        ||     1
Armor: Robe              ||    34
Dodge: Dodged            ||   153
